Map: World of Sleepers LE

Players

soul

  • Race: Terran Terran
  • League: Grandmaster
  • Spawn Location: 7:00

TSGSolar (Solar) - Winner!

  • Race: Zerg Zerg
  • League: Diamond
  • Spawn Location: 1:00

Event: HomeStory Cup XX

VOD

Have the link to the VOD?

Description

Time

  • Played on: Nov. 21, 2019, 4:22 a.m.
  • Length: 9:38

All games in this series

Show
View Real Time Build Order
Export as new Build Order

soul Terran 

Build Orders: Gas First Reaper Expand, Liberator Opening 

Get SALT Encoding   

  12  0:00  SCV  
  13  0:12  SCV  
  14  0:17  Supply Depot  
  14  0:25  SCV  
  14  0:27  Refinery  
  15  0:38  SCV  
  16  0:44  Barracks  
  16  0:50  SCV  
  17  1:02  SCV  
  18  1:15  SCV  
  19  1:31  Orbital Command, Reaper  
  20  1:41  Command Center  
  20  1:52  Factory  
  20  1:57  SCV  
  21  2:04  Supply Depot  
  21  2:06  Barracks Reactor  
  21  2:09  SCV  
  21  2:13  Refinery  
  22  2:21  SCV  
  23  2:41  Starport  
  23  2:47  SCV  
  23  2:51  Hellion x2  
  28  2:54  Orbital Command  
  28  2:55  Barracks Tech Lab  
  28  2:59  SCV  
  29  3:11  Liberator  
  29  3:12  Hellion x2, SCV  
  34  3:24  SCV x2  
  36  3:27  Barracks Tech Lab  
  36  3:32  Supply Depot  
  39  3:36  SCV x2  
  39  3:38  Hellion  
  45  3:41  Hellion  
  45  3:47  Stimpack  
  45  3:48  SCV  
  46  3:54  Marine, SCV  
  48  4:00  SCV  
  49  4:06  SCV  
  50  4:11  Marine  
  50  4:12  SCV  
  52  4:17  Command Center  
  52  4:18  Barracks  
  52  4:21  SCV  
  52  4:22  Starport Reactor  
  53  4:24  SCV  
  53  4:27  Barracks  
  54  4:36  Supply Depot  
  54  4:37  Supply Depot  
  54  4:50  SCV x2, Engineering Bay x2  
  53  4:55  Marine  
  53  4:59  Refinery x2  
  54  5:02  SCV x2  
  54  5:03  Siege Tank  
  59  5:07  Marine x2  
  59  5:09  Starport Reactor  
  59  5:13  Supply Depot  
  61  5:14  SCV  
  61  5:16  SCV  
  63  5:24  Terran Infantry Armor Level 1, Terran Infantry Weapons Level 1  
  63  5:25  Marine x2  
  63  5:26  SCV  
  63  5:27  Marine, Combat Shield  
  67  5:29  Marine  
  67  5:30  Marine  
  67  5:33  SCV  
  70  5:40  Siege Tank  
  73  5:42  Marine  
  73  5:43  Orbital Command  
  73  5:45  SCV  
  73  5:46  Marine  
  73  5:47  Marine x2  
  78  5:52  Medivac  
  78  5:53  Medivac  
  82  5:58  Marine  
  82  5:59  SCV  
  82  6:00  Marine, SCV  
  86  6:04  Marine  
  86  6:07  Orbital Command  
  86  6:11  SCV  
  88  6:12  SCV  
  88  6:14  Marine x2  
  88  6:16  Marine  
  92  6:21  Marine  
  93  6:29  Supply Depot  
  93  6:30  Marine  
  93  6:31  Medivac, Siege Tank, SCV x2  
  101  6:32  Supply Depot  
  101  6:39  Supply Depot  
  101  6:51  Medivac, Marine x5, SCV  
  101  6:52  Barracks x2  
  109  6:54  SCV  
  109  6:55  SCV  
  111  7:05  SCV  
  111  7:06  SCV  
  113  7:08  Marine x2, Armory  
  113  7:10  Marine  
  113  7:12  Marine  
  113  7:13  Marine  
  113  7:14  SCV  
  112  7:17  SCV  
  112  7:22  SCV  
  100  7:26  Marine x2  
  100  7:27  SCV  
  100  7:28  Marine  
  103  7:30  Marine, SCV  
  103  7:31  Marine  
  103  7:34  SCV  
  107  7:39  SCV  
  107  7:40  Barracks Reactor  
  107  7:43  Barracks Reactor  
  108  7:44  Marine x2, SCV  
  108  7:46  Marine  
  108  7:48  Marine x2  
  108  7:49  SCV  
  115  8:02  Marine x2  
  115  8:03  Marine  
  111  8:06  Marine x2  
  88  8:20  Marine x2, Supply Depot  
  88  8:21  Marine, SCV x3, Supply Depot  
  88  8:23  Marine  
  93  8:29  Marine  
  93  8:33  SCV x3  
  97  8:36  Marine  
  99  8:43  Marine x2  
  99  8:45  SCV x3  
  99  8:46  Supply Depot  
  103  8:55  Marine  
  104  8:57  SCV x2  
  104  8:58  SCV  
  104  9:00  Marine x4  
  111  9:07  Supply Depot  
  111  9:09  SCV  
  113  9:10  Marine x4, SCV x2, Supply Depot  
  120  9:22  SCV  
Show
View Real Time Build Order
Export as new Build Order

TSGSolar Zerg - Winner!

Build Orders: Hatch First 

Get SALT Encoding   

  12  0:01  Drone  
  13  0:12  Overlord  
  13  0:17  Drone  
  14  0:30  Drone  
  14  0:31  Drone  
  16  0:48  Hatchery  
  15  0:51  Drone  
  15  0:55  Drone  
  17  0:58  Drone  
  18  1:09  Extractor  
  17  1:14  Spawning Pool  
  17  1:16  Drone  
  17  1:19  Drone  
  18  1:28  Drone  
  19  1:39  Drone  
  20  1:49  Overlord  
  20  2:01  Zergling x4, Queen x2  
  26  2:11  Drone x2  
  28  2:19  Metabolic Boost  
  28  2:28  Hatchery  
  27  2:31  Drone  
  27  2:33  Drone  
  30  2:37  Drone  
  30  2:45  Queen  
  30  2:48  Overlord  
  32  2:52  Drone  
  32  2:53  Drone  
  32  2:56  Drone  
  32  2:58  Drone  
  36  3:09  Drone x2  
  36  3:11  Drone x3  
  41  3:19  Overlord  
  41  3:21  Queen  
  41  3:22  Drone  
  44  3:28  Overlord  
  44  3:39  Drone x2  
  44  3:41  Zergling x2, Queen  
  47  3:42  Drone  
  47  3:43  Drone x3  
  47  3:47  Overlord  
  53  3:51  Zergling x2  
  53  3:54  Drone  
  55  3:56  Queen  
  55  3:57  Zergling x4  
  55  4:01  Drone  
  55  4:02  Overlord, Drone  
  61  4:10  Baneling Nest, Drone  
  61  4:11  Drone  
  61  4:16  Spore Crawler, Drone  
  62  4:19  Overlord  
  62  4:21  Drone  
  62  4:22  Spore Crawler  
  62  4:24  Zergling x2  
  63  4:25  Lair  
  63  4:27  Drone  
  63  4:30  Extractor, Drone  
  64  4:31  Extractor, Drone  
  64  4:33  Drone  
  64  4:36  Drone x2  
  67  4:38  Drone  
  67  4:39  Drone x2  
  67  4:43  Zergling x2  
  71  4:46  Zergling x2  
  71  4:49  Drone x4  
  76  4:53  Zergling x6  
  76  4:55  Drone  
  76  4:57  Drone  
  81  5:00  Overlord  
  81  5:05  Drone x4  
  85  5:10  Extractor  
  85  5:11  Evolution Chamber, Drone x2  
  85  5:12  Evolution Chamber  
  84  5:16  Overlord  
  84  5:18  Pneumatized Carapace  
  84  5:19  Drone  
  85  5:23  Centrifical Hooks  
  85  5:25  Drone x2  
  85  5:27  Drone  
  88  5:32  Overlord  
  88  5:35  Zergling x2  
  88  5:36  Zergling x4  
  88  5:37  Zergling x4  
  88  5:38  Zergling x2  
  88  5:40  Zergling x2  
  88  5:41  Hatchery  
  88  5:42  Zergling x2  
  95  5:49  Drone  
  96  5:50  Drone x2  
  96  5:52  Zerg Ground Armor Level 1, Zerg Melee Weapons Level 1  
  96  5:53  Drone x2  
  96  5:55  Zergling x4  
  102  5:58  Baneling x6  
  102  6:02  Zergling x8  
  102  6:03  Baneling x2  
  106  6:07  Zergling x6  
  108  6:16  Overseer, Overlord x2  
  108  6:20  Zergling x2, Drone x3  
  108  6:24  Zergling x2  
  113  6:29  Overlord  
  113  6:30  Hatchery  
  113  6:31  Baneling x2  
  113  6:32  Overlord, Drone  
  113  6:34  Zergling x6  
  113  6:35  Zergling x4  
  118  6:43  Zergling x4  
  118  6:44  Baneling x3  
  120  6:47  Zergling x2  
  120  6:51  Zergling x8  
  125  6:56  Zergling x4  
  125  6:57  Baneling x2  
  125  6:58  Queen  
  125  6:59  Zergling x6  
  132  7:02  Overlord  
  132  7:04  Zergling x6  
  132  7:07  Drone x2  
  136  7:10  Drone  
  132  7:16  Zergling x4  
  132  7:19  Zergling x2  
  132  7:22  Zergling x8  
  136  7:23  Infestation Pit  
  136  7:27  Zergling x2  
  136  7:29  Drone x2  
  135  7:30  Drone x3  
  135  7:31  Unknown  
  135  7:32  Baneling x12  
  135  7:33  Overlord  
  135  7:35  Zergling x12  
  142  7:40  Drone x3  
  143  7:45  Zergling x2  
  143  7:51  Zergling x6  
  147  7:52  Overlord  
  147  7:54  Baneling x6  
  147  7:55  Zergling x2  
  148  7:59  Zergling x4  
  148  8:00  Hatchery  
  148  8:03  Zergling x6  
  148  8:04  Zergling x18  
  160  8:11  Zergling x8  
  156  8:14  Overlord  
  156  8:17  Zergling x6  
  153  8:23  Zergling x2  
  153  8:25  Hive  
  142  8:28  Zergling x10  
  142  8:31  Zergling x10  
  147  8:36  Zergling x8  
  147  8:39  Baneling x6  
  147  8:40  Zergling x2  
  152  8:45  Zergling x2  
  152  8:47  Drone x3  
  156  8:49  Drone  
  156  8:51  Baneling x12  
  156  8:55  Zergling x2  
  158  8:57  Zergling x2  
  158  8:58  Zergling x8  
  160  9:04  Zergling x4  
  160  9:08  Zergling x2  
  160  9:09  Zergling x14  
  170  9:11  Overlord  
  170  9:12  Zergling x8  
  174  9:18  Baneling x19  
  174  9:20  Zergling x6  
Tags
 
Add a new tag
Caveats
  • Supply blocks, unpowered buildings, or Contaminate may cause inaccurate times.
  • Supply counts are checked every 10 seconds.